cohdb
Replays
Latest Replays
All Replays
Popular Replays
Top Player Replays
Match Explorer
How It Works
Community
CoH3 Stats
Reddit
Sign in to upload your games and track your stats! →
Sign in with Steam
Match 42309586
Unlisted
Match 42309586
Overview
Messages
Build Orders
End
Kettenkrad Recon Vehicle
Construct Infanterie Kompanie
MG 42 Machine Gun Team
Grenadier Squad
Grenadier Squad
Infanterie Officer Quarters
GrW 34 Mortar Team
MG 42 Machine Gun Team
Construct Panzergrenadier Kompanie
Medical Station
Panzergrenadier Squad
Panzergrenadier Officer Quarters
251 Medium Carrier
Windwhisperer
891064kan
Insomniac
crywo1f
0
0
Comments
sign in to comment!
No comments posted yet!